Cogmind - Beta 13 @@@ ROGUE MODE // 2024.05.02 @ 22:13:04 Player: KingStarKing Result: Destroyed by as-27951 with Assembled Rifle Performance ------------- Evolutions (0) 0 Regions Visited (4) 800 Robots Destroyed (34) 170 Value Destroyed (782) 782 Prototype IDs (0) 0 Alien Tech Used (0) 0 Bonus (0) 0 TOTAL SCORE: 1752 Bonus ------- None Cogmind --------- Core Integrity 0/250 Matter 269/300 Energy 133/160 System Corruption 4% Temperature Cool (21) Movement Walking (190) Ox1 Location -9/Mines Parts ------- > --- POWER (1) -------- Light Nuclear Core > --- PROPULSION (2) --- Aluminum Leg Aluminum Leg > --- UTILITY (2) ------ Medium Storage Unit Targeting Computer > --- WEAPON (2) ------- Particle Gun Shotgun > --- INVENTORY (10) --- Light Ion Engine Heat Sink Heat Sink Large Battery (200) Seismic Detector Seismic Detector Propulsion Shielding Heavy EM Pulse Gun Small Laser Grenade Launcher Peak State ------------ > --- POWER ------------ Light Nuclear Core > --- PROPULSION ------- Aluminum Leg Aluminum Leg > --- UTILITY ---------- Medium Storage Unit Targeting Computer > --- WEAPON ----------- Particle Gun Shotgun > --- INVENTORY -------- Light Ion Engine Heat Sink Heat Sink Large Battery Seismic Detector Seismic Detector Propulsion Shielding Heavy EM Pulse Gun Small Laser Grenade Launcher [Rating: 12] Favorites ----------- Power Ion Engine Engine Ion Engine Power Core Light Nuclear Core Propulsion Aluminum Leg Treads Light Treads Leg Aluminum Leg Utility Medium Storage Unit Device ECM Suite Storage Medium Storage Unit Processor Targeting Computer Protection Light Armor Plating Weapon Light Assault Rifle Energy Gun Small Laser Energy Cannon Beam Cannon Ballistic Gun Light Assault Rifle Launcher Grenade Launcher Build | -11 -10 -10 -10 -9 ------- Run | Yrd Mat Min Exi Min Slots Evolved . | . . . . . Power . | . . . . . Propulsion . | . . . . . Utility . | . . . . . Weapon . | . . . . . Parts Attached 51 | 8 11 26 . 6 Power 11 | 1 2 6 . 2 Engine 10 | 1 2 6 . 1 Core 1 | . . . . 1 Reactor . | . . . . . Propulsion 13 | 3 2 7 . 1 Treads 2 | 2 . . . . Leg 11 | 1 2 7 . 1 Wheel . | . . . . . Hover . | . . . . . Flight . | . . . . . Utility 8 | 2 3 3 . . Device 3 | 1 1 1 . . Storage 2 | 1 1 . . . Processor 1 | . . 1 . . Hackware . | . . . . . Protection 2 | . 1 1 . . Artifact . | . . . . . Weapon 19 | 2 4 10 . 3 Energy Gun 4 | 1 . 2 . 1 Energy Cannon 6 | . 2 4 . . Ballistic Gun 4 | 1 . 2 . 1 Ballistic Cannon . | . . . . . Launcher 5 | . 2 2 . 1 Special Weapon . | . . . . . Impact Weapon . | . . . . . Slashing Weapon . | . . . . . Piercing Weapon . | . . . . . Special Melee Weapon . | . . . . . Unidentified Prototypes . | . . . . . Parts Lost 6 | . . 5 . 1 Power 2 | . . 1 . 1 Propulsion 1 | . . 1 . . Utility 2 | . . 2 . . Weapon 1 | . . 1 . . Highest Loss Streak 2 | . . 2 . 1 To Critical Strikes . | . . . . . Average Slot Usage (%) 98 | . 100 98 100 94 Engine 12 | . 14 13 14 5 Treads 5 | . 20 . . . Leg 22 | . 7 27 28 28 Device 5 | . 12 7 . . Storage 14 | . 14 14 14 14 Processor 7 | . . 5 14 14 Energy Gun 7 | . 2 3 14 13 Energy Cannon 6 | . 12 8 . . Ballistic Gun 10 | . 11 8 14 6 Launcher 3 | . 1 7 . 7 Naked Turns . | . . . . . Heaviest Build 23 | 15 23 23 17 21 Greatest Support 40 | 40 40 20 20 20 Greatest Overweight (x) 1 | 1 1 1 . 1 Average Overweight (x) . | . . . . . Largest Inventory Capacity 10 | 8 10 10 10 10 Average Capacity 9 | 6 9 10 10 10 Most Carried 10 | 6 10 10 10 10 Average Carried 9 | 4 9 9 9 9 Final Capacity 10 | 8 10 10 10 10 Final Carried 10 | 6 10 10 10 10 Class Distribution -------------------- 52% | Mutant 47% | Scavenger-Mutant Dominant Class ---------------- Mutant | -10/Materials Mutant | -10/Mines Scavenger-Mutant | -10/Exiles Scavenger-Mutant | -9/Mines Resources | -11 -10 -10 -10 -9 ----------- Run | Yrd Mat Min Exi Min Matter Collected 1105 | 283 186 398 . 238 Remotely . | . . . . . Salvage Created 838 | 24 197 363 . 254 Parts 62 | 3 16 30 . 13 Haulers Intercepted . | . . . . . Recyclers Shooed 3 | . 1 1 . 1 Parts Field Recycled . | . . . . . Retrieved Matter . | . . . . . Parts Self-Destructed . | . . . . . Prevented . | . . . . . Kills | -11 -10 -10 -10 -9 ------- Run | Yrd Mat Min Exi Min Combat Hostiles Destroyed 33 | . 6 19 . 8 Guns 14 | . 4 6 . 4 Cannons 9 | . 1 8 . . AOE 10 | . 1 5 . 4 Classes Destroyed 7 | 1 3 3 . . Worker 1 | . 1 . . . Builder 2 | . . 2 . . Tunneler 2 | 1 . . . 1 Swarmer 14 | . 3 11 . . Grunt 13 | . 3 4 . 6 Sentry 2 | . . 2 . . Assembled 4 | . . 2 . 2 Best Kill Streak 4 | 1 3 4 . 3 Combat Bots Only 4 | . 3 4 . 2 Max Kills in Single Turn 2 | 1 2 2 . 1 Gunslinging . | . . . . . Exploded 2 | . 1 2 . 1 Melee . | . . . . . Uniques/NPCs Destroyed . | . . . . . Combat | -11 -10 -10 -10 -9 -------- Run | Yrd Mat Min Exi Min Hostile Shots Fired 199 | . 45 127 . 27 Missed 38 | . 6 26 . 6 Damage Taken 1906 | . 441 1143 . 322 Core 250 | . 51 159 . 40 Absorbed by Shields . | . . . . . Core Remaining (%) 100 | 100 . . . . Volleys Fired 102 | 1 21 63 . 17 Largest 2 | 2 2 2 . 2 Hottest 125 | 70 80 125 . 95 Shots Fired 182 | 2 42 106 . 32 Gun 106 | 2 31 48 . 25 Cannon 53 | . 9 44 . . Launcher 23 | . 2 14 . 7 Special . | . . . . . Kinetic 73 | 1 20 40 . 12 Thermal 86 | 1 20 52 . 13 Explosive 23 | . 2 14 . 7 Electromagnetic . | . . . . . Robot Hit Streak 19 | 1 14 10 . 19 Robot Miss Streak 3 | 1 3 3 . 2 Penetration Max . | . . . . . Secondary Targets . | . . . . . Shots Hit Robots 106 | 1 23 57 . 25 Core Hits 62 | 1 9 33 . 19 Critical Kills . | . . . . . Critical Parts Destroyed . | . . . . . Critical Strikes . | . . . . . Melee Attacks . | . . . . . Impact . | . . . . . Slashing . | . . . . . Piercing . | . . . . . Sneak Attacks . | . . . . . Combat Hostiles . | . . . . . Follow-up Attacks . | . . . . . Damage Inflicted 2152 | 15 404 1128 . 605 Guns 727 | 15 223 258 . 231 Cannons 541 | . 104 437 . . Explosions 883 | . 77 432 . 374 Melee . | . . . . . Ramming 1 | . . 1 . . Kinetic 411 | 15 137 178 . 81 Thermal 857 | . 190 517 . 150 Explosive 883 | . 77 432 . 374 Electromagnetic . | . . . . . Impact . | . . . . . Slashing . | . . . . . Piercing . | . . . . . Highest Corruption 4 | . . 4 4 4 Average Corruption 4 | . . 4 4 4 Corruption Purged . | . . . . . Corruption Blocked . | . . . . . Effects 38 | . . 9 18 11 Message Errors 10 | . . 3 5 2 Matter Fused 12 | . . 1 8 3 Heat Flow Errors 2 | . . 2 . . Energy Discharges 4 | . . . 3 1 Parts Rejected 1 | . . . . 1 Data Loss (minor) 5 | . . 1 1 3 Data Loss (major) 2 | . . 1 1 . Misfires 1 | . . 1 . . Weapon Failures 1 | . . . . 1 Overload Shots . | . . . . . Overflow Damage 49 | . 10 39 . . Projectiles 49 | . 10 39 . . Explosions . | . . . . . Melee . | . . . . . Knockbacks . | . . . . . Impact . | . . . . . Kinetic . | . . . . . Secondary . | . . . . . Self-Inflicted Damage 38 | . 12 26 . . Shots 3 | . 1 2 . . Rammed . | . . . . . Targets Rammed 1 | . . 1 . . Kicked 1 | . . 1 . . Crushed . | . . . . . Highest Temperature 489 | 9 375 489 . 124 Average Temperature 132 | 6 129 152 . 50 Received Heat Transfer 654 | . 156 336 . 162 Effects 9 | . 2 7 . . Shutdowns 2 | . . 2 . . Interference 1 | . . 1 . . Short Circuit 1 | . . 1 . . Damage (minor) 3 | . 2 1 . . Damage (major) 2 | . . 2 . . Siege Activations . | . . . . . Robots Corrupted . | . . . . . Combat Hostiles . | . . . . . Parts Fried . | . . . . . Impact Corruptions . | . . . . . Robots Melted . | . . . . . Combat Hostiles . | . . . . . Parts Melted . | . . . . . Heat Transferred 1915 | . 481 1098 . 336 Parts Sabotaged . | . . . . . Parts Stolen . | . . . . . Parts Stripped . | . . . . . Power Chain Reactions . | . . . . . Alert | -11 -10 -10 -10 -9 ------- Run | Yrd Mat Min Exi Min Peak Influence 286 | 5 114 286 . 173 Initial 22 | . 3 22 . . Average 93 | 2 48 138 . 88 Maximum Alert Level 1 | . . 1 . . Low Security (%) 91 | 100 100 79 . 100 Level 1 8 | . . 20 . . Level 2 . | . . . . . Level 3 . | . . . . . Level 4 . | . . . . . Level 5 . | . . . . . High Security . | . . . . . Max Security . | . . . . . Squads Dispatched 2 | . 2 . . . Investigation . | . . . . . Extermination . | . . . . . Reinforcement 2 | . 2 . . . Assault . | . . . . . Garrison . | . . . . . Intercept . | . . . . . Searches Triggered . | . . . . . Construction Impeded . | . . . . . Haulers Reinforced . | . . . . . Active Scanning Responses . | . . . . . Cargo Convoy Interrupts . | . . . . . Stealth | -11 -10 -10 -10 -9 --------- Run | Yrd Mat Min Exi Min Distress Signals 1 | . 1 . . . Communications Jammed . | . . . . . Distress Signals . | . . . . . Times Spotted 59 | . 18 23 . 18 Peak Tracking Total 9 | . 4 4 . 9 Tactical Retreats 7 | . 2 3 . 2 Traps | -11 -10 -10 -10 -9 ------- Run | Yrd Mat Min Exi Min Traps Triggered . | . . . . . Indirectly . | . . . . . Trap Hack Attempts . | . . . . . Triggered . | . . . . . Disarmed . | . . . . . Reprogrammed . | . . . . . Reused . | . . . . . Traps Extracted . | . . . . . Installed . | . . . . . Triggered . | . . . . . Machines | -11 -10 -10 -10 -9 ---------- Run | Yrd Mat Min Exi Min Machines Disabled 2 | . 1 1 . . Max in Single Turn 1 | . 1 1 . . Machines Repaired . | . . . . . Machines Dismantled . | . . . . . Machines Sabotaged . | . . . . . Overloaded Fab Kills . | . . . . . Hacking | -11 -10 -10 -10 -9 --------- Run | Yrd Mat Min Exi Min Machines Accessed 9 | . 5 . 4 . Terminals 4 | . 4 . . . Fabricators . | . . . . . Repair Stations . | . . . . . Recycling Units 1 | . 1 . . . Scanalyzers . | . . . . . Garrison Access . | . . . . . Total Hacks 14 | . 10 . 4 . Successful 8 | . 4 . 4 . Failed 6 | . 6 . . . Catastrophic . | . . . . . Database Lockouts . | . . . . . Manual 1 | . . . 1 . Terminals 8 | . 8 . . . Fabricators . | . . . . . Repair Stations . | . . . . . Recycling Units 2 | . 2 . . . Scanalyzers . | . . . . . Garrison Access . | . . . . . Terminal Hacks 7 | . 3 . 4 . Record 4 | . . . 4 . Branch Access Points 1 | . 1 . . . Locate Traps 2 | . 2 . . . Fabricator Hacks . | . . . . . Repair Station Hacks . | . . . . . Recycling Unit Hacks 1 | . 1 . . . Report Inventory 1 | . 1 . . . Scanalyzer . | . . . . . Garrison Access Hacks . | . . . . . Unauthorized Hacks . | . . . . . Terminals . | . . . . . Fabricators . | . . . . . Repair Stations . | . . . . . Recycling Units . | . . . . . Scanalyzers . | . . . . . Garrison Access . | . . . . . Data Cores Recovered . | . . . . . Used . | . . . . . Hacking Detections 4 | . 4 . . . Full Trace Events . | . . . . . Feedback Events . | . . . . . Feedback Blocked . | . . . . . Robot Schematics Acquired . | . . . . . Robots Built . | . . . . . Authchips . | . . . . . Time . | . . . . . Total Robot Build Rating . | . . . . . Part Schematics Acquired . | . . . . . Parts Built . | . . . . . Authchips . | . . . . . Time . | . . . . . Total Part Build Rating . | . . . . . Parts Repaired . | . . . . . Time . | . . . . . Parts Recycled . | . . . . . Recycled Matter . | . . . . . Retrieved Matter . | . . . . . Retrieved Components . | . . . . . Parts Scanalyzed . | . . . . . Part Schematics Acquired . | . . . . . Parts Damaged . | . . . . . Bothacking | -11 -10 -10 -10 -9 ------------ Run | Yrd Mat Min Exi Min Used RIF Installer . | . . . . . Robots Hacked . | . . . . . Non-combat . | . . . . . Combat . | . . . . . Robot Hacks Applied . | . . . . . Relay Couplers Released . | . . . . . Fabnet Peak Effective % . | . . . . . Robots Rewired . | . . . . . Allies Hacked . | . . . . . Hacks Repelled . | . . . . . Allies | -11 -10 -10 -10 -9 -------- Run | Yrd Mat Min Exi Min Total Allies . | . . . . . Largest Group . | . . . . . Highest-Rated Group . | . . . . . Highest-Rated Ally . | . . . . . Total Orders . | . . . . . Ally Attacks . | . . . . . Total Damage . | . . . . . Kills . | . . . . . Allies Corrupted . | . . . . . Allies Melted . | . . . . . Intel | -11 -10 -10 -10 -9 ------- Run | Yrd Mat Min Exi Min Robot Analysis Total . | . . . . . Derelict Logs Recovered 2 | . . 1 . 1 Drone Launches . | . . . . . Drone Recoveries . | . . . . . Exploration | -11 -10 -10 -10 -9 ------------- Run | Yrd Mat Min Exi Min Turns Passed 4025 | 110 1018 1259 1053 585 Spaces Moved 2376 | 56 501 573 877 369 Core 5 | 5 . . . . Treads 409 | 35 374 . . . Legs 1962 | 16 127 573 877 369 Wheels . | . . . . . Hover . | . . . . . Flight . | . . . . . Fastest Speed 50 | 50 160 120 120 120 Average Speed 142 | 145 167 159 120 135 Slowest Speed 190 | 190 190 190 120 190 Overloaded Moves . | . . . . . Propulsion Burnouts . | . . . . . Robots Hopped . | . . . . . Cave-ins Triggered . | . . . . . Exploration Rate (%) 59 | 4 61 70 93 71 Regions Visited 4 Branch Regions 3 Pre-discovered Areas 1 | . . 1 . . Known Exits Taken 1 | . 1 . . . Unknown Exits Taken 3 | 1 . 1 1 . Scrap Searched 6 | . . 2 . 4 Spaces Dug 30 | . . 23 . 7 Terrain Destroyed 116 | . 7 66 . 43 Melee . | . . . . . Projectile . | . . . . . AOE 116 | . 7 66 . 43 Terrain Rammed . | . . . . . Walls Destroyed . | . . . . . Machines Disabled . | . . . . . Actions | -11 -10 -10 -10 -9 --------- Run | Yrd Mat Min Exi Min Total 2845 | 79 642 820 878 426 Wait 240 | 9 80 124 . 27 Move 2372 | 55 500 572 876 369 Hop . | . . . . . Pick Up 41 | 6 15 15 1 4 Fast Attach 12 | 7 1 3 . 1 Attach 6 | . . 4 . 2 Detach . | . . . . . Swap 33 | 1 10 19 . 3 Drop 38 | . 15 19 1 3 Fire 102 | 1 21 63 . 17 Melee . | . . . . . Ram . | . . . . . Kick 1 | . . 1 . . Crush . | . . . . . Escape Stasis . | . . . . . Rewire . | . . . . . Trap . | . . . . . Miscellaneous . | . . . . . Route ------- -11/Scrapyard -10/Materials (discovered 2 exits: [*Mat] / *Min) -10/Mines (discovered 3 exits: [*Mat x2] / *Exi) -10/Exiles (discovered 2 exits: [*Min x2]) -9/Mines History --------- Turn | Location | Event 11 | -11/Scrapyard | Discovered new exit (range 15) 111 | -11/Scrapyard | Entered Materials 254 | -10/Materials | Identified exit to Mines 317 | -10/Materials | Build established: Mutant 371 | -10/Materials | Discovered new exit (range 15) 1129 | -10/Materials | Entered Mines 1171 | -10/Mines | Learned location of Zion (-6) 1262 | -10/Mines | Discovered new exit (range 11) 1341 | -10/Mines | Discovered new exit (range 7) 1802 | -10/Mines | Excavation squad dispatched 1802 | -10/Mines | A large section of the Mines collapsed 1926 | -10/Mines | Core integrity fell below 50% 2253 | -10/Mines | Core integrity fell below 20% 2382 | -10/Mines | Deemed a non-threat by the Exiles lab entrance 2383 | -10/Mines | Discovered new exit (range 5) 2388 | -10/Mines | Entered Exiles 2388 | -10/Exiles | Found Exiles lab abandoned 2395 | -10/Exiles | Build established: Scavenger-Mutant 3157 | -10/Exiles | Discovered new exit (range 14) 3289 | -10/Exiles | Discovered new exit (range 14) 3441 | -10/Exiles | Entered Mines 3495 | -9/Mines | Met a Derelict bent on vengeance 4011 | -9/Mines | Assembled infested the area 4026 | -9/Mines | Destroyed by as-27951 with Assembled Rifle Last Messages --------------- 03879_ U-05 Engineer lays Concrete. 03882_ U-05 Engineer builds a Wall. 03904_ Searching scrap... 03904_ Found 21 Matter. 03904_ Found 19 Matter. 03950_ Acquired derelict log, extracted data. Data stored: Storage entrances (x1). 03997_ Searching scrap... 03997_ Found Field Recycling Unit. 03997_ Found Flail. 03997_ Found Disposable Heat Sink. 03997_ Found Hvy. EM Pulse Gun. 03997_ Found 33 Matter. 04001_ Dropped Datajack. 04002_ Acquired Hvy. EM Pulse Gun. 04011_ ALERT: Infestation in the mines, dispatching Demolisher response squad. 04019_ System corrupted: Matter fused (-7). 04022_ as-25926 destroyed. 04026_ as-68398 destroyed. Map ----- +----------------------------------------------------+ | | | | | | | | | | | | | | | | | | | | | | | | | ?????????????????????????????????????????????????? | | ?????????????????????????????????????????????????? | | ??????????????????????????##?????????????????????? | | ?????????????????????????? a?????????????????????? | | ?????????????????????????? #?????????????????????? | | ???????????????????????### #?????????????????????? | | ???????????????????????# aa#?????????????????????? | | ???????????????????????? a ??????????????????????? | | ???????????????????????? % ??????????????????????? | | ???????????????????????? ??????????????????????? | | ???????????????????????? a ??????????????????????? | | ????????????????????????#a#??????????????????????? | | ????????????????????????# #??????????????????????? | | #???????????????????????#@#??????????????????????? | | ##??????????????????????# #??????????????????????? | | #??????????????????????# #??????????????????????? | | ???????????????????????# #??????????????????????? | | ????????????????????????# #??????????????????????? | | ????????????????????????# #???###????????????????? | | ????????????????????????# #??# ##???????????????? | | ????????????????????????# #?# ##??????????????? | | ???????????????????###### ## ##?????????????? | | ???????????????????# %! #?????????????? | | ???????????????????# / /! #?????????????? | | ???????????????????# ## ### ##?????????????? | | ???????????????????# ## #?? ##??????????????? | | ????????# ######???# ## #??# ###???????????????? | | ????????# #???# ## #???###?????????????????? | | ????????##### #???# ## #???????????????????????? | | ????????????# #???# ## ???????????????????????? | | ????????????# #???# ####?#?????????????????????? | | ????????????# ###?# #??# ###???????????????????? | | ????????????# ### ## #???????????????????? | | ???????????## ## """ #???????????????????? | | ?????###???# """ #???????????????????? | | ???## ###?# """ #???????????????????? | | ???# ### #???????????????????? | | ??## ## ## ##???????????????????? | +----------------------------------------------------+ Best States ------------- Heat Dissipation 25 Energy Generation 14 Energy Capacity 250 Matter Stores 300 Matter Capacity 300 Sight Range 16 Terrain Scan Density 10 ECM Strength 1 Armor Coverage 150 Evasion (%) 55 Targeting Accuracy 5 Recoil Reduction 2 Item Schematics ----------------- None Robot Schematics ------------------ None Fabricated ------------ Nothing Alien Tech Used ----------------- None Achievements -------------- None Challenges ------------ None Game ------ Seed CloakingHellfireRedirector Manual? 0 Play Time 00:31:37 Cumulative 12.9 hours Start 2024.05.02 @ 21:42:06 End 2024.05.02 @ 22:13:04 Sessions 1 Manual Loads 0 Difficulty Rogue Special Mode None Game No. 13 Rogue 13 Adventurer 0 Explorer 0 Win Type - Total 0 Types 0/0/0/0/0/0/0/0/0 Lore% 15 Gallery% 14 Achievement% 12 Wizard Run 0 Options --------- Layout 0 ASCII 0 Keyboard 0 Movement Numpad Keybinds 0 Fullscreen 1 Font 18/SmallcapsGlow Map View 38x25 Zoom Use 91% Tactical HUD 1 Map Filters NONE Filters NONE Steam 1 RUN: c8f7b611-35d7-4912-8bed-88a5a54f73a7